 Dungeon Crawl Stone Soup version 0.31-a0-1576-ga3383bade6 (webtiles) character file.

Game seed: 1093484851653418861

1043 gelatine the Apothecary (level 8, -8/57 HPs)
             Began as a Demonspawn Alchemist on Jan 4, 2024.
             Mangled by a gnoll
             ... wielding a +0 halberd
              (15 damage)
             ... on level 6 of the Dungeon.
             The game lasted 00:15:15 (6637 turns).

gelatine the Apothecary (Demonspawn Alchemist)      Turns: 6637, Time: 00:15:15

Health: -8/57      AC:  2    Str:  9 (10) XL:     8   Next: 4%
Magic:  12/13      EV: 12    Int: 14 (17) God:
Gold:   296        SH:  0    Dex: 12 (13) Spells: 4/14 levels left

rFire   . . .        s - +8 autumn katana {manifold assault}
rCold   . . .        (no shield)
rNeg    . . .        a - +0 robe
rPois   +            (no helmet)
rElec   .            (no cloak)
rCorr   .            (no gloves)
SInv    .            (no boots)
Will    +....        (no amulet)
Stlth   ++           g - ring of poison resistance
HPRegen 0.29/turn    q - ring of willpower
MPRegen 0.13/turn

%: no passive effects
@: no status effects
A: claws 2, foul stench 2
a: no special abilities


You were on level 6 of the Dungeon.
You visited 1 branch of the dungeon, and saw 6 of its levels.

You collected 296 gold pieces.

Inventory:

Hand Weapons
 s - the +8 autumn katana (weapon) {manifold assault}
   (You found it on level 3 of the Dungeon)
Armour
 a - a +0 robe (worn)
 n - a +0 pair of gloves
Jewellery
 g - a ring of poison resistance (left claw)
 q - a ring of willpower (right claw)
 t - a +6 ring of dexterity
 A - an amulet of guardian spirit
Wands
 z - a wand of mindburst (6)
Scrolls
 f - a scroll of fog
 h - a scroll of blinking {unknown}
 k - a scroll of enchant weapon {unknown}
 l - a scroll of revelation {unknown}
 p - a scroll of enchant armour {unknown}
 v - a scroll of vulnerability
 w - a scroll of brand weapon {unknown}
 x - a scroll of fear {unknown}
 y - a scroll of teleportation {unknown}
Potions
 b - a potion of magic
 c - a potion of enlightenment
 d - a potion of berserk rage
 e - 2 potions of degeneration
 j - a potion of brilliance {unknown}
 m - 3 potions of attraction {unknown}
 o - a potion of haste {unknown}
 r - 2 potions of curing {unknown}
 u - a potion of mutation {unknown}


   Skills:
 * Level 2.5 Fighting
 * Level 3.0 Long Blades
 + Level 0.7 Armour
 * Level 3.1 Dodging
 + Level 2.4 Stealth
 + Level 2.4 Unarmed Combat
 * Level 3.7 Spellcasting
 * Level 3.2 Conjurations
 + Level 1.7 Air Magic
 * Level 4.8 Alchemy


You had 4 spell levels left.
You knew the following spells:

 Your Spells              Type           Power      Damage    Failure   Level
a - Sting                 Conj/Alch      52%        1d6       3%          1
b - Mercury Vapours       Alch/Air       22%        N/A       8%          2
c - Mephitic Cloud        Conj/Alch/Air  11%        N/A       16%         3
d - Olgreb's Toxic Radia  Alch           16%        N/A       26%         4

Your spell library contained the following spells:

 Spells                   Type           Power      Damage    Failure   Level
 Call Imp                 Summ           4%         N/A       30%         2
 Sublimation of Blood     Necr           2%         N/A       30%         2
 Sticky Flame             Fire/Alch      9%         2d5       58%         4
 Summon Hydra             Summ           1%         N/A       100%        7


Dungeon Overview and Level Annotations

Branches:
Dungeon (6/15)
 Temple: D:4-7

Altars:


Innate Abilities, Weirdness & Mutations

You have very sharp fingernails.
You sometimes emit foul miasma when damaged in melee.


Message History

The howler monkey is moderately wounded.
The gnoll shouts!
The howler monkey hoots and howls with incredible vigour!
The sting hits the howler monkey.
The howler monkey looks even sicker.
The howler monkey is moderately wounded.
The howler monkey hits you.
You closely miss the howler monkey.
The howler monkey is heavily wounded.
The gnoll misses you. The howler monkey misses you. The howler monkey hits you.
The gnoll hits you with a +0 halberd. The gnoll hits you with a +0 flail!
You closely miss the gnoll.
The howler monkey hoots and howls with incredible vigour!
The gnoll hits you with a +0 halberd! The gnoll barely misses you.
Something shouts, "Quail, thou paunchy onion-eyed barnacle!"
You hear an angry hiss.
Unknown command.
You barely miss the howler monkey.
The howler monkey is almost dead.
The howler monkey hits you but does no damage.
The gnoll barely misses you. The gnoll hits you with a +0 club.
You emit a cloud of foul miasma!
The gnoll barely misses you.
A white imp comes into view.
Unknown command.
You barely miss the howler monkey.
The howler monkey is almost dead.
The howler monkey hits you. The gnoll misses you.
The gnoll is engulfed in dark miasma.
The gnoll is poisoned.
The gnoll hits you with a +0 club.
* * * LOW HITPOINT WARNING * * *
The gnoll hits you with a +0 halberd.
* * * LOW HITPOINT WARNING * * *
You emit a cloud of foul miasma!
The howler monkey hits you!
* * * LOW HITPOINT WARNING * * *
It was a potion of degeneration.
There was something very wrong with that liquid.
You feel weakened.
You feel dopey.
You feel clumsy.
The gnoll is engulfed in dark miasma.
The gnoll is poisoned.
The gnoll hits you with a +0 halberd!
You die...

.................####
......!.............#
....................#
...)........[.......#
................[...#
....................#
....................#
......g.............#
.5....g@............#
......gh............#
.........$...>......#
....................#
#####################


You could see a howler monkey (poisoned), 3 gnolls and a white imp.

Vanquished Creatures
  Edmund (D:4)
  A water moccasin (D:5)
  An ice beast (D:5)
  2 scorpions
  4 killer bees (D:5)
  2 bombardier beetles
  An orc priest (D:4)
  A hound (D:5)
  2 jellies
  4 iguanas
  6 adders
  A dart slug (D:4)
  4 orcs
  5 ball pythons
  4 bats
  9 endoplasms
  2 giant cockroaches (D:1)
  4 goblins
  16 hobgoblins
  13 jackals
  3 quokkas
  5 frilled lizards
  12 kobolds
  10 rats
113 creatures vanquished.

Notes
Turn   | Place    | Note
-------+----------+-------------------------------------------
     0 | D:1      | gelatine the Demonspawn Alchemist began the quest for the
                  | Orb.
     0 | D:1      | Reached XP level 1. HP: 13/13 MP: 3/3
   236 | D:1      | Gained mutation: You may rarely emit foul miasma when
                  | damaged in melee. [demonic ancestry]
   236 | D:1      | Reached XP level 2. HP: 18/19 MP: 1/5
   849 | D:1      | Gained mutation: You sometimes emit foul miasma when
                  | damaged in melee. [demonic ancestry]
   849 | D:1      | Reached XP level 3. HP: 25/25 MP: 3/6
  1978 | D:2      | Reached skill level 1 in Fighting
  1978 | D:2      | Gained mutation: You have sharp fingernails. [demonic
                  | ancestry]
  1978 | D:2      | Reached XP level 4. HP: 30/32 MP: 3/7
  2507 | D:2      | Learned a level 2 spell: Mercury Vapours
  4263 | D:3      | Found the +8 autumn katana {manifold assault}
  4515 | D:3      | Learned a level 3 spell: Mephitic Cloud
  4806 | D:4      | Reached skill level 1 in Unarmed Combat
  4806 | D:4      | Reached XP level 5. HP: 13/37 MP: 4/9
  5063 | D:4      | Reached skill level 1 in Long Blades
  5063 | D:4      | Reached skill level 4 in Alchemy
  5162 | D:4      | Reached XP level 6. HP: 41/44 MP: 6/10
  5277 | D:4      | Noticed Edmund
  5283 | D:4      | Killed Edmund
  5550 | D:5      | Entered Level 5 of the Dungeon
  5684 | D:5      | Noticed a water moccasin
  5691 | D:5      | Killed a water moccasin
  5692 | D:5      | Reached skill level 1 in Air Magic
  5692 | D:5      | Gained mutation: You have very sharp fingernails. [demonic
                  | ancestry]
  5692 | D:5      | Reached XP level 7. HP: 50/50 MP: 4/11
  6216 | D:5      | Reached XP level 8. HP: 30/57 MP: 9/13
  6517 | D:6      | Learned a level 4 spell: Olgreb's Toxic Radiance
  6637 | D:6      | Mangled by a gnoll

Illustrated notes

Levels and vault maps discovered:
D:1:      dpeg_arrival_rooms_c, layout_loops_cross, serial_aquarium,
          aquarium_bridge_straight [aquarium_subvault_bridge,
          aquarium_subvault_window, aquarium_subvault_bridge,
          aquarium_subvault_wall], aquarium_bridge_straight
          [aquarium_subvault_bridge, aquarium_subvault_balcony,
          aquarium_subvault_bridge, aquarium_subvault_window],
          aquarium_window_corner, aquarium_window_2, aquarium_view_2c,
          aquarium_balcony_double_4, minmay_tetromino_s4
D:2:      layout_basic, serial_park_tiny_pond, lexackson_kobold_supper
D:3:      layout_rooms, item_on_display_a
D:4:      layout_basic, serial_corexii_hall, corexii_hall_statues_i,
          chequers_hall_statues_y, kennysheep_nub, uniq_edmund
D:5:      layout_cave_pools
D:6:      layout_basic, gammafunk_temple_overflow_wave

Skill      XL: |  1  2  3  4  5  6  7 |
---------------+----------------------+-----
Stealth        | 2 |  2.4
Fighting       | 1 2 |  2.5
Dodging        | 2 3 |  3.1
Unarmed Combat | 1 2 |  2.4
Conjurations   | 2 3 |  3.2
Long Blades    | 1 2 3 |  3.0
Spellcasting   | 3 |  3.7
Alchemy        | 4 |  4.8
Air Magic      | 1 |  1.7
Armour         | |  0.7

Action                     |  1- 3 |  4- 6 |  7- 9 || total
---------------------------+-------+-------+-------++-------
  Melee: Unarmed           |    79 |  1311 |       ||  1390
         Punch             |     2 |    46 |       ||    48
         Katana            |       |    34 |    26 ||    60
   Cast: Sting             |    81 |    75 |    24 ||   180
         Mercury Vapours   |       |     2 |     1 ||     3
         Mephitic Cloud    |       |     1 |       ||     1
    Use: Scroll            |       |     4 |       ||     4
         Potion            |       |       |     1 ||     1
 Armour: Robe              |    53 |    30 |    27 ||   110
  Dodge: Dodged            |    76 |    50 |    17 ||   143

Table legend: (Time is in decaauts)
 A = Elapsed time spent in this place.
 B = Non-inter-level travel time spent in this place.
 C = Inter-level travel time spent in this place.
 D = Time resting spent in this place.
 E = Time spent auto-exploring this place.
 F = Levels seen in this place.
 G = Mean time per level.
                   A        B        C        D        E       F      G
               +--------+--------+--------+--------+--------+-----+--------+
         Total |   6626 |   6413 |    213 |      0 |   4317 |   6 | 1104.3 |
       Dungeon |   6626 |   6413 |    213 |      0 |   4317 |   6 | 1104.3 |
               +--------+--------+--------+--------+--------+-----+--------+

Top non-repeatable levels by time:
     D:2: 2746 daAuts
     D:1: 1491 daAuts
     D:5: 930 daAuts
     D:4: 798 daAuts
     D:3: 500 daAuts
     D:6: 159 daAuts
